 Dungeon Crawl Stone Soup version 0.29-a0-668-g12ee2bf84d (webtiles) character file.

Game seed: 7213129142177726388

77 bande the Covered (level 4, -3/29 HPs)
             Began as a Gargoyle Fighter on June 23, 2022.
             Slain by a goblin
             ... wielding a +2 dagger of protection
             ... led by Robin
              (5 damage)
             ... on level 2 of the Dungeon.
             The game lasted 00:01:56 (1698 turns).

bande the Covered (Gargoyle Fighter)                Turns: 1698, Time: 00:01:56

Health: -3/29      AC: 13    Str: 20    XL:     4   Next: 33%
Magic:  4/4        EV:  7    Int:  8    God:
Gold:   77         SH:  4    Dex: 11    Spells: 3/3 levels left

rFire   . . .      SeeInvis .   a - +0 war axe
rCold   . . .      Faith    .   c - +0 buckler
rNeg    + . .      Spirit   .   l - +0 chain mail
rPois   ∞          Reflect  .   (no helmet)
rElec   +          Harm     .   (no cloak)
rCorr   .          Rampage  .   (no gloves)
Will    .....                   (no boots)
Stlth   ..........              (no amulet)
HPRegen 0.09/turn               (no ring)
MPRegen 0.09/turn               (no ring)

@: no status effects
A: sickness immunity, AC +3, negative energy resistance 1, electricity
resistance, torment resistance 1, petrification resistance
a: no special abilities


You were on level 2 of the Dungeon.
You visited 1 branch of the dungeon, and saw 2 of its levels.

You collected 77 gold pieces.

Inventory:

Hand Weapons
 a - a +0 war axe (weapon)
Armour
 c - a +0 buckler (worn)
 l - a +0 chain mail (worn)
Scrolls
 b - a scroll of vulnerability {unknown}
 e - a scroll of fear {unknown}
 f - a scroll of silence {unknown}
 g - a scroll of blinking {unknown}
 h - a scroll of amnesia {unknown}
 i - a scroll of noise {unknown}
 j - a scroll of identify {unknown}
 k - a scroll of enchant weapon {unknown}
 m - a scroll of poison {unknown}
Potions
 d - a potion of might


   Skills:
 + Level 3.8 Fighting
 + Level 3.0 Axes
 + Level 3.8 Armour
 - Level 0.2 Stealth
 + Level 3.6 Shields


You had 3 spell levels left.
You didn't know any spells.
Your spell library contained the following spells:

 Spells                   Type           Power      Damage    Failure   Level
 Conjure Flame            Conj/Fire      0%         6-21      100%        3
 Ignite Poison            Fire/Tmut/Pois 0%         N/A       100%        3
 Sticky Flame             Conj/Fire      0%         2d3       100%        4


Dungeon Overview and Level Annotations

Branches:
Dungeon (2/15)

Altars:


Innate Abilities, Weirdness & Mutations

You are immune to sickness and miasma.
Your stone body is resilient. (AC +3)
You are immune to poison.
You resist negative energy. (rN+)
You are resistant to electric shocks. (rElec)
You are resistant to unholy torment.
You are immune to petrification.


Message History

Robin is lightly wounded.
You hit the hobgoblin but do no damage.
The hobgoblin no longer looks unusually strong.
The hobgoblin hits you but does no damage.
Robin hits you with a +0 dagger.
You hit Robin.
Robin is heavily wounded.
You hit the hobgoblin.
You kill the hobgoblin!
Robin roars a battlecry!
The hobgoblin goes into a battle-frenzy!
You barely miss Robin.
Robin is heavily wounded.
You hit the hobgoblin. The hobgoblin hits you.
* * * LOW HITPOINT WARNING * * *
Robin hits you but does no damage. You block the hobgoblin's attack.
Robin hits you but does no damage.
You closely miss Robin.
Robin is heavily wounded.
You closely miss the hobgoblin. The hobgoblin barely misses you.
Robin hits you with a +0 dagger.
* * * LOW HITPOINT WARNING * * *
You barely miss Robin.
Robin is heavily wounded.
You hit the hobgoblin.
You kill the hobgoblin!
You block Robin's attack.
A goblin comes into view.
It is wielding a +2 dagger of protection.
Robin hits you but does no damage.
You slash Robin!
You kill Robin!
Your Axes skill increases to level 3!
Found a stone staircase leading up.
The goblin hits you with a +2 dagger of protection.
* * * LOW HITPOINT WARNING * * *
Items here: ))) [[ †.
You barely miss the goblin. The goblin hits you but does no damage.
You completely miss the goblin. The goblin hits you but does no damage.
The goblin hits you with a +2 dagger of protection.
You die...

#....#### ###.......#
##### #.........###...
###.###...#...#.#
.....#####.###..####
......####.........#
.##............)##.# #
.........##...#.##.#..<.
..##..##.######)@g.^..#
..##..##.# ##.#.##.#
#.....##.# #.# #
#######.# #.# #.# #.#
... #.. ... #.# ... #.#


You could see a goblin.

Vanquished Creatures
  Robin (D:2)
  An adder (D:2)
  2 dart slugs (D:1)
  2 bats
  2 endoplasms (D:1)
  3 giant cockroaches (D:1)
  8 goblins
  11 hobgoblins
  A quokka (D:1)
  9 ball pythons
  2 kobolds (D:1)
  5 rats
47 creatures vanquished.

Notes
Turn   | Place    | Note
-------+----------+-------------------------------------------
     0 | D:1      | bande the Gargoyle Fighter began the quest for the Orb.
     0 | D:1      | Reached XP level 1. HP: 14/14 MP: 1/1
   131 | D:1      | Reached XP level 2. HP: 18/19 MP: 2/2
   540 | D:1      | Reached XP level 3. HP: 21/24 MP: 3/3
  1679 | D:2      | Noticed Robin
  1685 | D:2      | Reached XP level 4. HP: 21/29 MP: 4/4
  1695 | D:2      | Killed Robin
  1698 | D:2      | Slain by a goblin

Illustrated notes

Levels and vault maps discovered:
D:1:      zelgadis_glass_arrival_small, layout_basic, minmay_hexomino_p4
D:2:      layout_loops_cross, uniq_crazy_yiuf_cottage, uniq_robin

Skill      XL: |  1  2  3  4 |
---------------+-------------+-----
Axes           | 2 3 |  3.0
Fighting       | |  3.8
Armour         | |  3.8
Stealth        | |  0.2
Shields        | |  3.6

Action                   |  1- 3 |  4- 6 || total
-------------------------+-------+-------++-------
Melee: War axe           |   107 |    13 ||   120
Armor: Scale mail        |    60 |       ||    60
       Chain mail        |    28 |    12 ||    40
Dodge: Dodged            |    48 |     2 ||    50
Block: Buckler           |    28 |     2 ||    30

Table legend: (Time is in decaauts)
 A = Elapsed time spent in this place.
 B = Non-inter-level travel time spent in this place.
 C = Inter-level travel time spent in this place.
 D = Time resting spent in this place.
 E = Time spent auto-exploring this place.
 F = Levels seen in this place.
 G = Mean time per level.
                   A        B        C        D        E       F      G
               +--------+--------+--------+--------+--------+-----+--------+
         Total |   1748 |   1748 |      0 |      0 |   1422 |   2 |  874.0 |
       Dungeon |   1748 |   1748 |      0 |      0 |   1422 |   2 |  874.0 |
               +--------+--------+--------+--------+--------+-----+--------+

Top non-repeatable levels by time:
     D:1: 1569 daAuts
     D:2: 178 daAuts
